 Dungeon Crawl Stone Soup version 0.32-a0-468-g38b2580584 (webtiles) character file.

Game seed: 4317632408811564486

2930 ezpacito the Trooper (level 9, -4/68 HPs)
             Began as a Demonspawn Chaos Knight on Feb 25, 2024.
             Was a Plaything of Xom.
             Slain by a wight
             ... wielding a +3 spear of freezing
              (9 damage)
             ... on level 7 of the Dungeon.
             The game lasted 00:08:34 (6510 turns).

ezpacito the Trooper (Demonspawn Chaos Knight)      Turns: 6510, Time: 00:08:35

Health: -4/68      AC: 16    Str: 16    XL:     9   Next: 50%
Magic:  14/14      EV:  8    Int: 10    God:    Xom [......]
Gold:   323        SH:  0    Dex: 14    Spells: 4/15 levels left

rFire   . . .        a - +0 hand axe (chaos)
rCold   + . .        (no shield)
rNeg    . . .        v - +2 chain mail {rPois}
rPois   +            K - +2 helmet
rElec   .            x - +0 cloak
rCorr   .            (no gloves)
SInv    .            (no boots)
Will    +....        (no amulet) Stlth
                     r - ring of willpower
HPRegen 0.31/turn    u - ring of protection from cold
MPRegen 0.14/turn

%: no passive effects
@: wreathed by umbra, invisible
A: powered by pain 2, demonic touch 1, foul shadow 2, deterioration 1, dopey 1,
evolution 1
a: Renounce Religion


You were on level 7 of the Dungeon.
You worshipped Xom.
You were a very special plaything of Xom.
You visited 2 branches of the dungeon, and saw 8 of its levels.
You also visited: Ossuary.

You collected 323 gold pieces.

Inventory:

Hand Weapons
 a - a +0 hand axe of chaos (weapon)
 G - a +0 heavy war axe
Missiles
 l - 9 poisoned darts (quivered)
 y - 5 boomerangs
Armour
 k - a +0 plate armour
 v - a +2 chain mail of poison resistance (worn)
 x - a +0 cloak (worn)
 H - the +0 ring mail of Enaph {rF+}
   (You found it on level 5 of the Dungeon)

   rF+:       It protects you from fire.
 K - a +2 helmet (worn)
Magical Staves
 w - a staff of conjuration
Jewellery
 i - a ring of ice
 m - a ring of poison resistance
 r - a ring of willpower (left hand)
 u - a ring of protection from cold (right hand)
Talismans
 t - a beast talisman
Wands
 n - a wand of iceblast (7)
 F - a wand of flame (10)
Scrolls
 f - a scroll of summoning {unknown}
 h - 3 scrolls of poison
 q - a scroll of teleportation
 s - 6 scrolls of noise
 E - a scroll of revelation
 I - a scroll of silence
Potions
 b - a potion of invisibility
 d - a potion of experience {unknown}
 g - a potion of resistance {unknown}
 j - a potion of lignification {unknown}
 o - a potion of cancellation {unknown}
 p - a potion of magic {unknown}
 z - 2 potions of haste {unknown}
 A - 3 potions of mutation
 B - a potion of berserk rage {unknown}
 C - 3 potions of curing {unknown}


   Skills:
 * Level 5.4 Fighting
 * Level 4.8(5.1) Axes
 + Level 2.4(3.9) Polearms
 + Level 1.4 Throwing
 * Level 4.4 Armour
 * Level 3.7 Dodging
 + Level 2.5 Stealth
 * Level 3.7 Unarmed Combat
 * Level 3.5 Spellcasting
 + Level 1.8 Conjurations
 + Level 2.2 Summonings
 * Level 3.3 Necromancy
 + Level 1.5 Translocations
 + Level 2.1 Alchemy
 + Level 2.0 Evocations


You had 4 spell levels left.
You knew the following spells:

 Your Spells              Type           Power      Damage    Failure   Level
a - Necrotise             Necr           32%        1d5       58%         1
b - Apportation           Tloc           8%         N/A       83%         1
c - Sting                 Conj/Alch      20%        1d4       80%         1
d - Summon Small Mammal   Summ           24%        N/A       75%         1
e - Summon Blazeheart Go  Fire/Summ      4%         N/A       100%        4
f - Call Canine Familiar  Summ           6%         N/A       98%         3

Your spell library contained the following spells:

 Spells                   Type           Power      Damage    Failure   Level


Dungeon Overview and Level Annotations

Branches:
Dungeon (7/15)             Temple (1/1) D:7         Ossuary (visited)

Altars:
Cheibriados
Fedhas
Gozag
Makhleb
Nemelex Xobeh
Okawaru
Qazlal
Ru
Vehumet
Wu Jian
Xom
Yredelemnul

Shops:
D:7 [


Innate Abilities, Weirdness & Mutations

You sometimes gain power by taking damage.
Your touch may inflict minor irresistible damage on your foes.
You are shadowed, sometimes releasing foul flame when damaged in melee.
Your body sometimes deteriorates upon taking damage.
You are dopey. (Int -2)
You have hidden genetic potential.


Message History

Your butterfly disappears in a burst of colours!
Your butterfly is engulfed in poison gas.
Your butterfly is poisoned.
You kill your butterfly!
Your butterfly disappears in a burst of colours!
Your butterfly is poisoned.
Your butterfly is engulfed in poison gas.
Your butterfly is poisoned.
You kill your butterfly!
Your butterfly disappears in a burst of colours!
Your butterfly is engulfed in poison gas.
Your butterfly looks even sicker.
You kill your butterfly!
Your butterfly disappears in a burst of colours!
The howler monkey is engulfed in poison gas.
The howler monkey looks as sick as possible!
The howler monkey is engulfed in poison gas.
The howler monkey looks as sick as possible!
You kill the howler monkey!
Your butterfly is engulfed in poison gas.
Your butterfly is poisoned.
You kill your butterfly!
Your butterfly disappears in a burst of colours!
Your butterfly is poisoned.
As you read the scroll labelled SIFOIS WISOR, it crumbles to dust.
The creatures around you are filled with an inner flame!
It was a scroll of immolation.
Xom thinks this is hilarious!
Flame seeps out of the howler monkey.
Your butterfly disappears in a burst of colours!
Your butterfly explodes!
Your butterfly is engulfed in poison gas.
Your butterfly is poisoned.
Your butterfly disappears in a burst of colours!
Your butterfly explodes!
The howler monkey is engulfed in poison gas.
The howler monkey looks as sick as possible!
The howler monkey explodes!
The wight hits you with a +3 spear of freezing!
You die...

#. #.... #.# ......
..# ##...... .###
#§## #..#....
.§§###§§####.##....
#.§§§☼§##.......##
##§§§§§§§☼.....###.
#zz§§§§§§§...#.....
#☼@§☼§§§§§.....##..
#§b○§§☼§§☼).....#..
#§§§§§§§§§...(..##.
#☼§§§§§#§§.......#.
#§§§§☼§§§§.......#.
##§§§#§☼§#.........
##§§§§§☼§.....##.#
####§##########..
...# ###


You could see 2 wights.

Vanquished Creatures
  Sigmund (D:2)
  A wyvern (D:7)
  A warg (D:7)
  A water moccasin (D:6)
  A black bear (D:6)
  2 orc warriors
  An ice beast (D:6)
  A sky beast (D:7)
  2 ogres (D:5)
  A boggart (D:2)
  A kobold brigand (D:6)
  A weeping skull (Ossuary)
  An elf zombie (Ossuary)
  A bullfrog (D:7)
  3 scorpions
  A burial acolyte (Ossuary)
  A ballistomycete (D:6)
  3 howler monkeys
  A bombardier beetle (D:7)
  5 hounds
  2 orc priests
  2 jellies
  Crazy Yiuf (D:3)
  2 gnoll boudas
  Terence (D:3)
  Jessica (D:2)
  4 orc wizards
  2 sleepcaps
  Ijyb (D:3)
  Natasha (D:2)
  3 mummies (Ossuary)
  Robin (D:2)
  12 gnolls
  7 adders
  A white imp (D:5)
  A dart slug (D:1)
  A ribbon worm (D:3)
  33 orcs
  12 ball pythons
  5 bats
  2 endoplasms
  4 giant cockroaches
  2 gnoll zombies (Ossuary)
  15 goblins
  11 hobgoblins
  7 jackals
  9 kobolds
  6 frilled lizards
  A kobold zombie (Ossuary)
  4 orc zombies (Ossuary)
  5 rats
189 creatures vanquished.

Vanquished Creatures (collateral kills)
  2 hobgoblins (D:3)
2 creatures vanquished.

Vanquished Creatures (others)
  An orc (D:6)
1 creature vanquished.

Grand Total: 192 creatures vanquished

Notes
Turn   | Place    | Note
-------+----------+-------------------------------------------
     0 | D:1      | ezpacito the Demonspawn Chaos Knight began the quest for
                  | the Orb.
     0 | D:1      | Reached XP level 1. HP: 18/18 MP: 1/1
    99 | D:1      | Reached skill level 1 in Dodging
    99 | D:1      | XOM: butterfly on damage
   220 | D:1      | XOM: butterfly on damage
   222 | D:1      | Gained mutation: Your touch may inflict minor irresistible
                  | damage on your foes. [demonic ancestry]
   222 | D:1      | Reached XP level 2. HP: 13/24 MP: 2/2
   335 | D:1      | XOM: silly message
   337 | D:1      | XOM: divination: magic mapping
   505 | D:1      | XOM: silly message
   678 | D:2      | Noticed Jessica
   683 | D:2      | Killed Jessica
   684 | D:2      | Reached XP level 3. HP: 29/29 MP: 3/3
   782 | D:2      | Noticed Sigmund
   795 | D:2      | Killed Sigmund
   796 | D:2      | Reached skill level 1 in Polearms
   796 | D:2      | Reached skill level 1 in Stealth
   796 | D:2      | Reached skill level 1 in Unarmed Combat
   796 | D:2      | Reached skill level 1 in Spellcasting
   796 | D:2      | Gained mutation: You are faintly shadowed, very rarely
                  | releasing foul flame when damaged in melee. [demonic
                  | ancestry]
   796 | D:2      | Reached XP level 4. HP: 32/35 MP: 3/6
   796 | D:2      | Gained mutation: You sometimes gain a little power by
                  | taking damage. [demonic ancestry]
   796 | D:2      | Reached XP level 5. HP: 37/41 MP: 3/7
   849 | D:2      | XOM: noise
   857 | D:2      | Found a faded altar of an unknown god.
   884 | D:2      | Noticed Robin
   893 | D:2      | Killed Robin
   898 | D:2      | a ribbon worm changed into a boggart
   898 | D:2      | Noticed a boggart
   901 | D:2      | Killed a boggart
   902 | D:2      | Gained mutation: You are shadowed, sometimes releasing foul
                  | flame when damaged in melee. [demonic ancestry]
   902 | D:2      | Reached XP level 6. HP: 26/48 MP: 8/8
  1109 | D:2      | Learned a level 1 spell: Necrotise
  1111 | D:2      | Learned a level 1 spell: Apportation
  1113 | D:2      | Learned a level 1 spell: Sting
  1115 | D:2      | Learned a level 1 spell: Summon Small Mammal
  1120 | D:2      | Learned a level 4 spell: Summon Blazeheart Golem
  1269 | D:2      | Noticed Natasha
  1278 | D:2      | Killed Natasha
  1315 | D:2      | XOM: god gift: plate armour {god gift}
  1387 | D:2      | XOM: silly message
  1584 | D:3      | Noticed Ijyb
  1587 | D:3      | Killed Ijyb
  1686 | D:3      | Reached skill level 4 in Fighting
  1725 | D:3      | Found a runed translucent door.
  1726 | D:3      | Noticed Crazy Yiuf
  1878 | D:3      | Found a shimmering altar of Xom.
  1902 | D:3      | XOM: silly message
  1990 | D:3      | Found a snail-covered altar of Cheibriados.
  2000 | D:3      | XOM: silly message
  2010 | D:3      | XOM: divination: detect creatures
  2168 | D:3      | Noticed Terence
  2183 | D:3      | Killed Terence
  2247 | D:3      | Reached XP level 7. HP: 49/54 MP: 10/10
  2253 | D:3      | XOM: butterfly on damage
  2586 | D:3      | XOM: cloud trail
  2711 | D:3      | XOM: silly message
  2739 | D:3      | Killed Crazy Yiuf
  2990 | D:4      | Reached skill level 1 in Necromancy
  3993 | D:4      | Found a blossoming altar of Fedhas.
  3995 | D:4      | Found a burning altar of Makhleb.
  3999 | D:4      | Found a radiant altar of Vehumet.
  4075 | D:5      | Entered Level 5 of the Dungeon
  4084 | D:5      | Reached skill level 1 in Summonings
  4091 | D:5      | Reached skill level 1 in Evocations
  4275 | D:5      | Identified the +0 ring mail of Enaph {rF+}
  4307 | D:5      | XOM: silly message
  4312 | D:5      | Gained mutation: You sometimes gain power by taking damage.
                  | [demonic ancestry]
  4312 | D:5      | Reached XP level 8. HP: 18/61 MP: 11/11
  4368 | D:5      | XOM: cloud trail
  4527 | D:5      | Found a sacrificial altar of Ru.
  4539 | D:5      | Reached skill level 1 in Alchemy
  4784 | D:5      | Learned a level 3 spell: Call Canine Familiar
  4901 | D:6      | XOM: confuse monster(s)
  4914 | D:6      | Reached skill level 1 in Conjurations
  4960 | D:6      | Found a sand-covered staircase.
  4995 | Ossuary  | Entered an ossuary
  5092 | Ossuary  | XOM: cast spell 'Summon Small Mammal'
  5104 | Ossuary  | Reached skill level 1 in Translocations
  5170 | Ossuary  | XOM: noise
  5428 | D:6      | Reached skill level 1 in Throwing
  5494 | D:6      | Reached skill level 5 in Fighting
  5633 | D:6      | XOM: give mutations
  5633 | D:6      | Gained mutation: You have hidden genetic potential. [Xom's
                  | mischief]
  5633 | D:6      | Gained mutation: Your body sometimes deteriorates upon
                  | taking damage. [Xom's mischief]
  5633 | D:6      | Gained mutation: You are dopey. (Int -2) [Xom's mischief]
  5688 | D:6      | XOM: confuse monster(s)
  5693 | D:6      | Reached XP level 9. HP: 68/68 MP: 13/13
  6302 | D:7      | Found a staircase to the Ecumenical Temple.
  6434 | D:7      | Found a stormy altar of Qazlal.
  6466 | Temple   | Entered the Ecumenical Temple
  6473 | D:7      | Found Dytuck's Antique Armour Shop.
  6502 | D:7      | XOM: smoke on damage
  6504 | D:7      | HP: 3/68 [warg (6)]
  6510 | D:7      | Slain by a wight

Illustrated notes

Levels and vault maps discovered:
D:1:      kilobyte_arrival_exit_the_forest, layout_rooms
D:2:      minmay_alternating_diamond, layout_loops_ring,
          hellmonk_ecumenical_altar_zigzags, uniq_sigmund, uniq_robin,
          uniq_jessica, uniq_natasha
D:3:      layout_loops_ring, lemuel_doored_altar, mainiacjoe_overflow_24_doors,
          serial_bayou, serial_bayou_pond_a, serial_bayou_shore_b,
          serial_bayou_lake_a, serial_bayou_pond_a, guppyfry_early_orc_mine,
          uniq_terence, uniq_ijyb, uniq_crazy_yiuf_cottage
D:4:      layout_basic, minmay_overflow_temple_star_quad, minmay_strange_pillars
D:5:      layout_rooms, nicolae_ru_great_annihilating_truth
D:6:      layout_basic, enter_ossuary_5
D:7:      layout_rooms, nicolae_qazlal_beasts_of_the_sky,
          minmay_temple_entry_slanted, serial_shops, nicolae_shop_stone,
          uniq_maurice
Temple:   hellmonk_temple_flake

Skill      XL: |  1  2  3  4  5  6  7  8  9 |
---------------+----------------------------+-----
Dodging        | 1 2 3 |  3.7
Axes           | 3 4 |  4.8
Armour         | 2 3 4 |  4.4
Polearms       | 1 2 |  2.4
Stealth        | 1 2 |  2.5
Unarmed Combat | 1 2 3 |  3.7
Spellcasting   | 1 2 3 |  3.5
Fighting       | 4 5 |  5.4
Necromancy     | 1 2 3 |  3.3
Summonings     | 1 2 |  2.2
Evocations     | 1 2 |  2.0
Alchemy        | 1 2 |  2.1
Conjurations   | 1 |  1.8
Translocations | 1 |  1.5
Throwing       | 1 |  1.4

Action                     |  1- 3 |  4- 6 |  7- 9 || total
---------------------------+-------+-------+-------++-------
  Melee: Hand axe          |    53 |   145 |   306 ||   504
         Touch             |     2 |    22 |    61 ||    85
  Evoke: Wand              |       |       |     2 ||     2
    Use: Potion            |       |       |     4 ||     4
         Scroll            |       |       |    13 ||    13
   Stab: Held in net/web   |       |     1 |       ||     1
         Sleeping          |       |     3 |       ||     3
         Confused          |       |       |     5 ||     5
         Paralysed         |       |       |     1 ||     1
         Invisible         |       |       |     1 ||     1
 Armour: Leather armour    |    24 |    64 |       ||    88
         Chain mail        |       |     9 |   271 ||   280
  Dodge: Dodged            |    27 |    99 |   202 ||   328

Table legend: (Time is in decaauts)
 A = Elapsed time spent in this place.
 B = Non-inter-level travel time spent in this place.
 C = Inter-level travel time spent in this place.
 D = Time resting spent in this place.
 E = Time spent auto-exploring this place.
 F = Levels seen in this place.
 G = Mean time per level.
                   A        B        C        D        E       F      G
               +--------+--------+--------+--------+--------+-----+--------+
         Total |   6608 |   6413 |    195 |    238 |   4950 |   9 |  734.2 |
       Dungeon |   6188 |   5993 |    195 |    238 |   4643 |   7 |  884.0 |
        Temple |      1 |      1 |      0 |      0 |      0 |   1 |    1.0 |
       Ossuary |    418 |    418 |      0 |      0 |    307 |   1 |  418.0 |
               +--------+--------+--------+--------+--------+-----+--------+

Top non-repeatable levels by time:
     D:3: 1392 daAuts
     D:4: 1171 daAuts
     D:6: 909 daAuts
     D:2: 909 daAuts
     D:5: 823 daAuts
     D:1: 681 daAuts
 Ossuary: 418 daAuts
     D:7: 301 daAuts
  Temple: 1 daAuts
